 Dungeon Sprint DCSS version 0.29.1-12-g30fa7ad0bf (webtiles) character file.

Game seed: 4370402896637976120

71255 boopmooplesden the Swordmaster (level 14, -4/168 HPs)
             Began as a Minotaur Berserker on Dec 23, 2022.
             Was the Champion of Trog.
             Killed from afar by a tengu reaver (32 damage)
             ... with a bolt of fire
             ... led by Sojobo
             ... in the Dungeon (Sprint IX: "|||||||||||||||||||||||||||||").
             The game lasted 00:10:00 (4475 turns).

boopmooplesden the Swordmaster (Minotaur Berserker) Turns: 4475, Time: 00:10:00

Health: -4/168     AC: 32    Str: 23    XL:     14   Next: 97%
Magic:  13/13      EV: 15    Int: 10    God:    Trog [******]
Gold:   1462       SH: 10    Dex: 15    Spells: 13/13 levels left

rFire   . . .      SeeInvis .   H - +3 demon blade (drain)
rCold   + . .      Faith    .   t - +1 buckler "Makhlipn" {rPois rC+ Int+6 Dex-2}
rNeg    . . .      Spirit   .   C - +3 plate armour {Will+}
rPois   +          Reflect  .   (helmet restricted)
rElec   .          Harm     .   w - +1 cloak
rCorr   .          Rampage  .   l - +0 pair of gloves
Will    ++++.      NoTele   +   I - +1 pair of boots
Stlth   ..........              (no amulet)
HPRegen 1.38/turn               o - +2 ring of evasion
MPRegen 0.13/turn               n - +3 ring of dexterity

@: strong-willed, on berserk cooldown, regenerating, slowed, very slow
A: horns 2, retaliatory headbutt
a: Renounce Religion, Berserk, Trog's Hand, Brothers in Arms


You were in the Dungeon.
You worshipped Trog.
Trog was exalted by your worship.
You visited 1 branch You collected 1862 gold pieces.
You spent 400 gold pieces at shops.

Inventory:

Hand Weapons
 a - a +0 falchion
 k - a +4 scimitar of flaming
 p - a +1 great sword
 x - a +1 vorpal triple sword
 z - the +10 battleaxe "Lomucu" {vorpal, *Slow rF+ rCorr}
   (Trog gifted it to you in the Dungeon)

   It inflicts extra damage upon your enemies.
   rF:        It protects you from fire.
   rCorr:     It protects you from acid and corrosion.
   *Slow:     It may slow you when you take damage.
 H - a +3 demon blade of draining (weapon)
 J - a +3 antimagic triple sword
 K - a +0 arbalest
Missiles
 b - a throwing net (quivered)
Armour
 l - a +0 pair of gloves (worn)
 m - a +3 scale mail
 t - the +1 buckler "Makhlipn" (worn) {rPois rC+ Int+6 Dex-2}
   (You found it in the Dungeon)

   Int:       It affects your intelligence (+6).
   Dex:       It affects your dexterity (-2).
   rC:        It protects you from cold.
   rPois:     It protects you from poison.
 w - a +1 cloak (worn)
 A - a +0 cloak
 B - a +0 pair of boots
 C - a +3 plate armour of willpower (worn)
 I - a +1 pair of boots (worn)
Jewellery
 n - a +3 ring of dexterity (right hand)
 o - a +2 ring of evasion (left hand)
 D - a ring of see invisible
 E - a ring of poison resistance
 F - a ring of willpower
 G - a ring of protection from fire
Wands
 j - a wand of roots (18)
Scrolls
 h - a scroll of blinking
 s - 3 scrolls of fear
 u - a scroll of enchant armour
 v - 2 scrolls of fog
 y - 2 scrolls of identify
Potions
 c - 6 potions of curing
 d - 4 potions of heal wounds
 e - 2 potions of haste
 f - 4 potions of magic
 g - 2 potions of berserk rage
 i - a potion of invisibility
 q - a potion of resistance
 r - 3 potions of might


   Skills:
 O Level 27 Fighting
 O Level 27 Long Blades
 + Level 24.4 Armour
 + Level 12.4 Dodging
 + Level 3.8 Stealth
 + Level 20.0 Shields


You had 13 spell levels left.
You didn't know any spells.
Your spell library was empty.

Dungeon Overview and Level Annotations

Branches:
Dungeon (1/1)

Altars:
Cheibriados
Dithmenos
Elyvilon
Fedhas
Gozag
Hepliaklqana
Kikubaaqudgha
Makhleb
Nemelex Xobeh
Okawaru
Qazlal
Ru
Sif Muna
Trog
Uskayaw
Vehumet
Wu Jian
Xom
Yredelemnul
Zin
The Shining One
Jiyva
Lugonu

Shops:
D *?:[


Innate Abilities, Weirdness & Mutations

You have a pair of horns on your head.
You reflexively headbutt those who attack you in melee.


Message History

The bolt of poison hits you. You resist.
* * * LOW HITPOINT WARNING * * *
You feel much better.
The tengu reaver hits you but does no damage.
The tengu reaver pecks you but does no damage.
You block the tengu reaver's attack.
You slice the tengu reaver!! You drain the tengu reaver.
Your headbutt misses the tengu reaver.
The tengu reaver is moderately wounded.
The tengu reaver hits you but does no damage.
The tengu reaver barely misses you. The tengu reaver claws you.
* * * LOW HITPOINT WARNING * * *
You slash the tengu reaver! Your headbutt misses the tengu reaver.
The tengu reaver is heavily wounded.
The tengu reaver hits you with a +1 war axe of flaming.
* * * LOW HITPOINT WARNING * * *
The tengu reaver burns you.
* * * LOW HITPOINT WARNING * * *
The tengu reaver closely misses you. The tengu reaver claws you.
* * * LOW HITPOINT WARNING * * *
Your skin crawls.
You feel strong-willed.
The tengu reaver points at you and mumbles some strange words.
The bolt of acid misses you. The tengu reaver blocks your attack.
The tengu reaver is moderately wounded.
The tengu reaver gestures at you while chanting.
The bolt of cold hits you! You resist.
* * * LOW HITPOINT WARNING * * *
The tengu reaver blocks your attack.
The tengu reaver is moderately wounded.
The tengu reaver closely misses you.
The tengu reaver pecks you but does no damage.
The tengu reaver claws you but does no damage.
The tengu reaver blocks your attack.
You headbutt the tengu reaver, but do no damage.
The tengu reaver is moderately wounded.
The tengu reaver gestures at you while chanting.
The bolt of fire hits you!!
You die...

.................................
▓▓▓▓▓▓▓▓▓▓▓▓▓▓♣♣♣♣♣♣♣♣♣♣▓▓▓▓▓▓▓▓▓
...'†....)).†'......†)[†..))).)÷)
▓▓▓▓▓▓▓▓▓▓▓▓▓▓♣♣♣♣♣♣♣♣♣♣▓▓▓▓▓▓▓▓▓
.)...............................
▓▓▓▓▓▓▓▓▓▓▓▓▓▓▓▓▓▓▓▓▓▓▓▓▓▓▓▓▓▓▓▓▓
'.........)))))))).)))'[.......).
▓▓▓▓▓▓▓▓▓▓▓▓▓▓▓▓▓▓▓▓▓▓▓▓▓▓▓▓▓▓▓▓▓
................@Q))......
▓▓▓▓▓▓▓▓▓▓▓▓▓▓▓▓▓▓▓▓▓▓▓▓▓▓


You could see a tengu reaver (drained, reflecting).

Vanquished Creatures
  Sojobo (D)
  2 tentacled monstrosities (D)
  Frances (D)
  Agnes (D)
  A sphinx (D)
  A tengu reaver (D)
  A fenstrider witch (D)
  7 vault wardens (D)
  Louise (D)
  A fire giant (D)
  2 ironbound preservers (D)
  2 spriggan defenders (D)
  A very ugly thing (D)
  An ironbound thunderhulk (D)
  3 stone giants (D)
  An eleionoma (D)
  A spark wasp (D)
  A merfolk impaler (D)
  3 ettins (D)
  A fire dragon (D)
  A yaktaur captain (D)
  A ghost crab (D)
  4 hydras (D)
  A jorogumo (D)
  A spriggan air mage (D)
  Harold (D)
  A rakshasa (D)
  An alligator snapping turtle (D)
  A radroach (D)
  An anaconda (D)
  2 centaur warriors (D)
  A naga warrior (D)
  An ogre mage (D)
  A two-headed ogre (D)
  A deep troll shaman (D)
  A deep troll earth mage (D)
  A shock serpent (D)
  2 naga sharpshooters (D)
  A sea snake (D)
  3 glowing orange brains (D)
  2 swamp dragons (D)
  2 orb spiders (D)
  2 ironbound convokers (D)
  A wizard (D)
  An orc knight (D)
  A harpy (D)
  8 orc sorcerers (D)
  2 manticores (D)
  2 cyclopes (D)
  An ugly thing (D)
  A faun (shapeshifter) (D)
  2 elephants (D)
  2 vault sentinels (D)
  4 black mambas (D)
  4 cane toads (D)
  A naga mage (D)
  Joseph (D)
  An unseen horror (D)
  A komodo dragon (D)
  A yaktaur (D)
  A freezing wraith (D)
  A tengu conjurer (D)
  2 meliai (D)
  A polar bear (D)
  3 merfolk (D)
  A tarantella (D)
  2 tyrant leeches (D)
  A hornet (D)
  2 blink frogs (D)
  A jumping spider (D)
  A shadow (D)
  A vampire (D)
  2 wyverns (D)
  A water elemental (D)
  A spriggan (D)
  A basilisk (D)
  A redback (D)
  4 vampire mosquitoes (D)
  An acid dragon (D)
  A floating eye (D)
  3 water moccasins (D)
  11 orc warriors (D)
  A boggart (D)
  A phantom (D)
  A kobold brigand (D)
  3 bullfrogs (D)
  A howler monkey (D)
  A hound (D)
  5 orc priests (D)
  4 orc wizards (D)
  An ufetubus (D)
  7 orcs (D)
  A goblin (D)
  2 hobgoblins (D)
  A ball python (D)
  A rat (D)
173 creatures vanquished.

Vanquished Creatures (collateral kills)
  A sphinx (D)
  3 stone giants (D)
  An ice dragon (D)
  4 orc sorcerers (D)
9 creatures vanquished.

Vanquished Creatures (others)
  A hydra (D)
  An alligator (D)
2 creatures vanquished.

Grand Total: 184 creatures vanquished

Notes
Turn   | Place    | Note
-------+----------+-------------------------------------------
     0 | D        | boopmooplesden the Minotaur Berserker began the quest for
                  | the Orb.
     0 | D        | Reached XP level 1. HP: 19/19 MP: 0/0
    16 | D        | Reached ** piety under Trog
   143 | D        | Noticed a phantom
   143 | D        | Noticed a hound
   149 | D        | Killed a hound
   150 | D        | Reached XP level 2. HP: 30/30 MP: 1/1
   150 | D        | Reached XP level 3. HP: 37/37 MP: 2/2
   150 | D        | Reached *** piety under Trog
   156 | D        | Killed a phantom
   157 | D        | Reached XP level 4. HP: 48/48 MP: 3/3
   165 | D        | Found a snail-covered altar of Cheibriados.
   165 | D        | Found a shadowy altar of Dithmenos.
   165 | D        | Found a white marble altar of Elyvilon.
   165 | D        | Found a blossoming altar of Fedhas.
   165 | D        | Found an opulent altar of Gozag.
   166 | D        | Found a hazy altar of Hepliaklqana.
   167 | D        | Found a viscous altar of Jiyva.
   168 | D        | Found an ancient bone altar of Kikubaaqudgha.
   169 | D        | Found a corrupted altar of Lugonu.
   170 | D        | Found a burning altar of Makhleb.
   171 | D        | Found a sparkling altar of Nemelex Xobeh.
   172 | D        | Found an iron altar of Okawaru.
   173 | D        | Found a stormy altar of Qazlal.
   174 | D        | Found a sacrificial altar of Ru.
   175 | D        | Found a shimmering blue altar of Sif Muna.
   176 | D        | Found a bloodstained altar of Trog.
   177 | D        | Found a hide-covered altar of Uskayaw.
   178 | D        | Found a radiant altar of Vehumet.
   179 | D        | Found an ornate altar of the Wu Jian Council.
   180 | D        | Found a shimmering altar of Xom.
   181 | D        | Found a basalt altar of Yredelemnul.
   182 | D        | Found a glowing silver altar of Zin.
   183 | D        | Found a glowing golden altar of the Shining One.
   231 | D        | Noticed a kobold brigand
   231 | D        | Noticed a shadow
   231 | D        | Noticed a two-headed ogre
   231 | D        | Noticed a vampire
   235 | D        | Killed a vampire
   235 | D        | Reached **** piety under Trog
   236 | D        | Reached skill level 10 in Long Blades
   236 | D        | Reached skill level 5 in Armour
   236 | D        | Reached XP level 5. HP: 58/58 MP: 4/4
   236 | D        | Reached XP level 6. HP: 66/66 MP: 5/5
   239 | D        | Killed a two-headed ogre
   240 | D        | Reached XP level 7. HP: 78/78 MP: 6/6
   244 | D        | Killed a shadow
   245 | D        | Reached XP level 8. HP: 86/86 MP: 7/7
   247 | D        | Killed an unseen horror
   247 | D        | Reached ***** piety under Trog
   400 | D        | Noticed a green ugly thing
   400 | D        | Noticed a centaur warrior
   400 | D        | Noticed a faun
   404 | D        | Killed a faun
   405 | D        | Reached skill level 15 in Long Blades
   410 | D        | Received a gift from Trog
   413 | D        | Killed a centaur warrior
   414 | D        | Reached skill level 15 in Fighting
   414 | D        | Reached XP level 9. HP: 97/97 MP: 8/8
   419 | D        | Killed a green ugly thing
   530 | D        | Got the +1 buckler "Makhlipn" {rPois rC+ Int+6 Dex-2}
   551 | D        | Noticed an elephant
   551 | D        | Noticed a five-headed hydra
   551 | D        | Noticed a black mamba
   551 | D        | Noticed a komodo dragon
   552 | D        | Noticed a cane toad
   556 | D        | Killed a komodo dragon
   557 | D        | Reached skill level 10 in Armour
   559 | D        | Killed a three-headed hydra
   561 | D        | Killed a black mamba
   562 | D        | Reached skill level 1 in Stealth
   562 | D        | Reached XP level 10. HP: 108/108 MP: 9/9
   566 | D        | Killed an elephant
   573 | D        | Killed a cane toad
   574 | D        | Reached ****** piety under Trog
   611 | D        | Noticed an elephant
   611 | D        | Noticed a seven-headed hydra
   611 | D        | Noticed an eight-headed hydra
   617 | D        | Killed a five-headed hydra
   617 | D        | Received a gift from Trog
   621 | D        | Killed a four-headed hydra
   626 | D        | Killed an elephant
   637 | D        | Received a gift from Trog
   810 | D        | Noticed a cane toad
   810 | D        | Noticed a cane toad
   815 | D        | Killed a cane toad
   816 | D        | Reached XP level 11. HP: 121/121 MP: 10/10
   831 | D        | Received a gift from Trog
   929 | D        | Noticed Harold
   938 | D        | Killed Harold
   939 | D        | Reached skill level 10 in Dodging
  1015 | D        | Received a gift from Trog
  1270 | D        | Noticed an orc sorcerer
  1273 | D        | Received a gift from Trog
  1279 | D        | Noticed an orc knight
  1280 | D        | Killed an orc sorcerer
  1288 | D        | Killed an orc knight
  1289 | D        | Reached skill level 1 in Shields
  1294 | D        | Received a gift from Trog
  1362 | D        | Found Suolowet's Armour Boutique.
  1362 | D        | Noticed an orc sorcerer
  1362 | D        | Noticed an orc sorcerer
  1362 | D        | Noticed an orc sorcerer
  1363 | D        | Noticed an orc sorcerer
  1366 | D        | Killed an orc sorcerer
  1367 | D        | Noticed a sun demon
  1370 | D        | Killed an orc sorcerer
  1371 | D        | Found Dazoemm's Book Shop.
  1372 | D        | Killed an orc sorcerer
  1373 | D        | Noticed an orc sorcerer
  1375 | D        | Noticed an orc sorcerer
  1377 | D        | Identified the +10 battleaxe "Lomucu" {vorpal, *Slow rF+
                  | rCorr} (Trog gifted it to you in the Dungeon)
  1377 | D        | Received a gift from Trog
  1382 | D        | Noticed a sixfirhy
  1382 | D        | Killed an orc sorcerer
  1383 | D        | Found Toru Fir's Magic Scroll Boutique.
  1387 | D        | Killed an orc sorcerer
  1390 | D        | Found Puaweeg's General Store.
  1391 | D        | Noticed an orc sorcerer
  1393 | D        | Killed an orc sorcerer
  1393 | D        | Received a gift from Trog
  1394 | D        | Noticed an orc sorcerer
  1394 | D        | Paralysed by an orc sorcerer for 4 turns
  1395 | D        | Noticed an orc sorcerer
  1398 | D        | Killed an orc sorcerer
  1398 | D        | Noticed an orc sorcerer
  1399 | D        | Noticed an orc sorcerer
  1403 | D        | Killed an orc sorcerer
  1404 | D        | Killed an orc sorcerer
  1404 | D        | Received a gift from Trog
  1405 | D        | Reached skill level 15 in Armour
  1405 | D        | Reached XP level 12. HP: 80/136 MP: 11/11
  1442 | D        | Bought a +2 plate armour of willpower for 400 gold pieces
  1724 | D        | Noticed an eight-headed hydra
  1724 | D        | Noticed an ogre mage
  1730 | D        | Killed an ogre mage
  1737 | D        | Killed a 14-headed hydra
  1742 | D        | Received a gift from Trog
  1743 | D        | Noticed an ettin
  1746 | D        | Noticed a rakshasa
  1750 | D        | Noticed a stone giant
  1756 | D        | Noticed a stone giant
  1759 | D        | Noticed a deep troll shaman
  1765 | D        | Killed an ettin
  1767 | D        | Noticed a stone giant
  1770 | D        | Killed a rakshasa
  1770 | D        | Received a gift from Trog
  1771 | D        | Reached skill level 5 in Shields
  1775 | D        | Killed a stone giant
  1780 | D        | Killed a stone giant
  1784 | D        | Killed a deep troll shaman
  1797 | D        | Killed a stone giant
  2306 | D        | Noticed a naga warrior
  2306 | D        | Noticed an anaconda
  2313 | D        | Killed an anaconda
  2320 | D        | Received a gift from Trog
  2335 | D        | Killed a naga warrior
  2344 | D        | Reached XP level 13. HP: 69/148 MP: 12/12
  2349 | D        | Received a gift from Trog
  2797 | D        | Noticed a merfolk impaler
  2821 | D        | Received a gift from Trog
  2844 | D        | Killed a merfolk impaler
  3101 | D        | Noticed an eleionoma
  3101 | D        | Noticed a fenstrider witch
  3113 | D        | Killed an eleionoma
  3113 | D        | Received a gift from Trog
  3117 | D        | Killed a fenstrider witch
  3183 | D        | Noticed a spark wasp
  3201 | D        | Received a gift from Trog
  3204 | D        | Killed a spark wasp
  3268 | D        | Noticed Frances
  3288 | D        | Killed Frances
  3288 | D        | Received a gift from Trog
  3301 | D        | Noticed Joseph
  3312 | D        | Killed Joseph
  3374 | D        | Noticed Agnes
  3388 | D        | Killed Agnes
  3446 | D        | Noticed a tentacled monstrosity
  3446 | D        | Noticed an ettin
  3446 | D        | Noticed a spriggan defender
  3446 | D        | Noticed a fire giant
  3450 | D        | Killed a fire giant
  3459 | D        | Killed a spriggan defender
  3471 | D        | Killed a tentacled monstrosity
  3471 | D        | Received a gift from Trog
  3472 | D        | Reached skill level 10 in Shields
  3474 | D        | Reached skill level 27 in Long Blades
  3480 | D        | Killed an ettin
  3487 | D        | Reached XP level 14. HP: 95/165 MP: 13/13
  3489 | D        | Noticed a tentacled monstrosity
  3491 | D        | Noticed a stone giant
  3492 | D        | Noticed a stone giant
  3495 | D        | Noticed a stone giant
  3505 | D        | Killed a tentacled monstrosity
  3505 | D        | Received a gift from Trog
  3518 | D        | Killed a stone giant
  3520 | D        | Killed a stone giant
  3521 | D        | Noticed a sphinx
  3523 | D        | Killed a stone giant
  3524 | D        | Reached skill level 27 in Fighting
  3528 | D        | Killed a sphinx
  3536 | D        | Noticed a spriggan defender
  3543 | D        | Killed a spriggan defender
  3858 | D        | Noticed a vault warden
  3858 | D        | Noticed a brown very ugly thing
  3858 | D        | Noticed a vault warden
  3858 | D        | Noticed a vault warden
  3873 | D        | Killed a vault warden
  3874 | D        | Killed a vault warden
  3874 | D        | Received a gift from Trog
  3875 | D        | Noticed a vault warden
  3880 | D        | Killed a brown very ugly thing
  3889 | D        | Killed a vault warden
  3890 | D        | Reached skill level 15 in Shields
  3891 | D        | Noticed a vault warden
  3892 | D        | Noticed an ironbound preserver
  3897 | D        | Killed a vault warden
  3897 | D        | Received a gift from Trog
  3897 | D        | Noticed an ironbound thunderhulk
  3904 | D        | Killed a vault warden
  3911 | D        | Killed an ironbound preserver
  3912 | D        | Noticed a vault warden
  3913 | D        | Noticed a sphinx
  3918 | D        | Killed an ironbound thunderhulk
  3926 | D        | Noticed an ironbound preserver
  3928 | D        | Killed a vault warden
  3928 | D        | Received a gift from Trog
  3935 | D        | Killed a sphinx
  3937 | D        | Noticed a vault warden
  3938 | D        | Killed an ironbound preserver
  3938 | D        | Received a gift from Trog
  3955 | D        | Killed a vault warden
  3964 | D        | Received a gift from Trog
  4308 | D        | Noticed Louise
  4323 | D        | Killed Louise
  4422 | D        | Noticed a tengu reaver
  4423 | D        | Noticed Sojobo
  4425 | D        | Noticed a tengu reaver
  4436 | D        | Killed a tengu reaver
  4436 | D        | Received a gift from Trog
  4467 | D        | Killed Sojobo
  4467 | D        | HP: 2/168 [tengu reaver/bolt of fire[Sojobo] (44)]
  4475 | D        | Killed from afar by a tengu reaver

Illustrated notes

Levels and vault maps discovered:
D:        linesprint [early_d, line_temple, items_1, d_10, items_2, lair_1,
          lair_end, items_3, orc_1, orc_end, items_4, d_15, swamp_1, shoals_1,
          snake_1, spider_1, d_20, vaults_1, items_5, swamp_end, shoals_end,
          snake_end, spider_end, vaults_end, d_27, items_6, zot_1, zot_end,
          crypt_end, forest_end, elf_end, slime_end, tomb_end, abyss_end,
          pan_hell_end]

Skill      XL: |  1  2  3  4  5  6  7  8  9 10 11 12 13 14 |
---------------+-------------------------------------------+-----
Fighting       | 6 7 9 12 13 15 16 18 21 23 26 27 | 27.0
Long Blades    | 6 8 10 13 16 18 20 22 24 27 | 27.0
Armour         | 3 4 5 7 9 10 12 15 17 20 24 | 24.4
Dodging        | 3 4 6 8 9 10 11 12 | 12.4
Stealth        | 1 2 3 |  3.8
Shields        | 3 6 10 20 | 20.0

Action                   |  1- 3 |  4- 6 |  7- 9 | 10-12 | 13-15 || total
-------------------------+-------+-------+-------+-------+-------++-------
Melee: Falchion          |    29 |     3 |       |       |       ||    32
       Headbutt          |     2 |     3 |     9 |    67 |   104 ||   185
       Scimitar          |       |     6 |    37 |   143 |       ||   186
       Punch             |       |     1 |       |       |       ||     1
       Demon blade       |       |       |       |    99 |   377 ||   476
Invok: Berserk           |     1 |     1 |     2 |     7 |     9 ||    20
       Trog's Hand       |       |     1 |     2 |     6 |     7 ||    16
       Brothers in Arms  |       |       |       |     1 |     1 ||     2
  Use: Scroll            |       |       |     4 |     2 |     2 ||     8
       Potion            |       |       |       |       |     5 ||     5
Armor: Animal skin       |     2 |       |       |       |       ||     2
       Scale mail        |       |     1 |     6 |    37 |       ||    44
       Plate armour      |       |       |       |    35 |   168 ||   203
Dodge: Dodged            |    16 |     4 |    13 |    95 |   164 ||   292
Block: Buckler           |       |       |       |    35 |   118 ||   153
